 Dungeon Sprint DCSS version 0.30-a0-1155-gf8af5b4991 (webtiles) character file.

Game seed: 7443300573748940669

66 Jewman the Trooper (level 3, 0/33 HPs)
             Began as a Demonspawn Fighter on Apr 24, 2023.
             Succumbed to a gnoll sergeant's poison
             ... in the Dungeon (Sprint IX: "|||||||||||||||||||||||||||||").
             The game lasted 00:00:17 (44 turns).

Jewman the Trooper (Demonspawn Fighter)               Turns: 44, Time: 00:00:17

Health: 0/33       AC:  7    Str: 16    XL:     3   Next: 96%
Magic:  3/3        EV:  9    Int: 11    God:
Gold:   0          SH:  5    Dex: 14    Spells: 2/2 levels left

rFire   . . .        a - +0 flail
rCold   . . .        c - +0 buckler
rNeg    . . .        b - +0 scale mail
rPois   .            (no helmet)
rElec   .            (no cloak)
rCorr   .            (no gloves)
SInv    .            (no boots)
Will    .....        (no amulet) Stlth
                     (no ring)
HPRegen 1.25/turn    (no ring)
MPRegen 0.08/turn

%: no teleportation
@: mighty, lethally poisoned (0 -> -2), hasted, very quick
A: powered by death 1, big brain 1
a: no special abilities


You were in the Dungeon.
You visited 1 branch

Inventory:

Hand Weapons
 a - a +0 flail (weapon)
Armour
 b - a +0 scale mail (worn)
 c - a +0 buckler (worn)
Scrolls
 j - a scroll of blinking
Potions
 e - a potion of curing
 f - a potion of heal wounds
 h - 2 potions of magic
 i - a potion of berserk rage


   Skills:
 + Level 5.0 Fighting
 + Level 3.9 Maces & Flails
 + Level 4.4 Armour
 + Level 4.2 Shields


You had 2 spell levels left.
You didn't know any spells.
Your spell library was empty.

Dungeon Overview and Level Annotations

Branches:
Dungeon (1/1)

Altars:


Innate Abilities, Weirdness & Mutations

You regenerate a little health from kills.
You have an unusually large brain. (Int +2)


Message History

Your Maces & Flails skill increases to level 3!
You have reached level 2!
Your demonic ancestry asserts itself...
Your brain expands.
You have reached level 3!
Your experience leads to an increase in your attributes!
Increase (S)trength, (I)ntelligence, or (D)exterity?
You feel agile. x2; Your demonic ancestry asserts itself...
A wave of death washes over you.
You sock the jelly!
Your hands burn!
* * * LOW HITPOINT WARNING * * *
The jelly is almost dead.
The jelly hits you but does no damage.
You sock the jelly!
You kill the jelly!
Your Fighting skill increases to level 5!
Your Armour skill increases to level 4!
Your Shields skill increases to level 4!
You closely miss the black bear. You sock the black bear!
The black bear is moderately wounded.
The black bear bites you but does no damage.
The black bear barely misses you.
The black bear claws you but does no damage.
You hit the black bear.
The black bear is heavily wounded.
You block the gnoll sergeant's attack. The black bear bites you.
* * * LOW HITPOINT WARNING * * *
The black bear claws you but does no damage. x2
You sock the black bear!
The black bear is almost dead.
The gnoll sergeant hits you from afar with a +3 spear of venom.
* * * LOW HITPOINT WARNING * * *
You are lethally poisoned!
The black bear bites you but does no damage.
You block the black bear's attack.
The black bear claws you but does no damage.
You sock the black bear!
You kill the black bear!
You die... ▓▓▓▓▓▓▓▓▓▓▓▓▓▓▓▓▓▓ ▓<...)....@'gs...+ ▓▓▓▓▓▓▓▓▓▓▓▓▓▓▓▓▓▓

You could see a gnoll sergeant and a scorpion.

Vanquished Creatures
  A black bear (D)
  A jelly (D)
  A sleepcap (D)
  A dart slug (D)
  A bat (D)
  A goblin (D)
  A quokka (D)
  A ball python (D)
8 creatures vanquished.

Notes
Turn   | Place    | Note
-------+----------+-------------------------------------------
     0 | D        | Jewman the Demonspawn Fighter began the quest for the Orb.
     0 | D        | Reached XP level 1. HP: 18/18 MP: 1/1
    30 | D        | Noticed a sleepcap
    30 | D        | Noticed a jelly
    30 | D        | Noticed a black bear
    30 | D        | Noticed a gnoll sergeant
    30 | D        | Noticed a scorpion
    37 | D        | Killed a sleepcap
    38 | D        | Reached skill level 4 in Fighting
    38 | D        | Gained mutation: You have an unusually large brain. (Int
                  | +2) [demonic ancestry]
    38 | D        | Reached XP level 2. HP: 7/26 MP: 2/2
    38 | D        | Gained mutation: You regenerate a little health from kills.
                  | [demonic ancestry]
    38 | D        | Reached XP level 3. HP: 8/31 MP: 3/3
    40 | D        | Reached skill level 5 in Fighting
    43 | D        | HP: 1/33 [gnoll sergeant/+3 spear of venom (4)]
    44 | D        | Killed a black bear
    44 | D        | Succumbed to a gnoll sergeant's poison

Illustrated notes

Levels and vault maps discovered:
D:        linesprint [early_d, line_temple, items_1, d_10, items_2, lair_1,
          lair_end, items_3, orc_1, orc_end, items_4, d_15, swamp_1, shoals_1,
          snake_1, spider_1, d_20, vaults_1, items_5, swamp_end, shoals_end,
          snake_end, spider_end, vaults_end, d_27, items_6, zot_1, zot_end,
          crypt_end, forest_end, elf_end, slime_end, tomb_end, abyss_end,
          pan_hell_end]

Skill      XL: |  1  2  3 |
---------------+----------+-----
Maces & Flails | 3 |  3.9
Armour         | 3 4 |  4.4
Shields        | 3 4 |  4.2
Fighting       | 4 5 |  5.0

Action                     || total
---------------------------++-------
  Melee: Flail             ||    25
    Use: Potion            ||     2
 Armour: Scale mail        ||    16
  Dodge: Dodged            ||     7
  Block: Buckler           ||     6

Table legend: (Time is in decaauts)
 A = Elapsed time spent in this place.
 B = Non-inter-level travel time spent in this place.
 C = Inter-level travel time spent in this place.
 D = Time resting spent in this place.
 E = Time spent auto-exploring this place.
 F = Levels seen in this place.
 G = Mean time per level.
                   A        B        C        D        E       F      G
               +--------+--------+--------+--------+--------+-----+--------+
         Total |     48 |     48 |      0 |      0 |     13 |   1 |   48.0 |
       Dungeon |     48 |     48 |      0 |      0 |     13 |   1 |   48.0 |
               +--------+--------+--------+--------+--------+-----+--------+

Top non-repeatable levels by time:
       D: 48 daAuts
